 Dungeon Crawl Stone Soup version 0.20.0-1-g1cb1d84 (webtiles) character file.

137 Monsterracer the Slasher (level 5, 0/36 HPs)
             Began as a Formicid Abyssal Knight on May 27, 2017.
             Was a Believer of Lugonu.
             Succumbed to a scorpion's poison
             ... on level 3 of the Dungeon.
             The game lasted 00:07:25 (3404 turns).

Monsterracer the Slasher (Formicid Abyssal Knight)  Turns: 3404, Time: 00:07:25

Health: 0/36       AC:  5    Str: 17    XL:     5   Next: 44%
Magic:  6/6        EV: 11    Int: 11    God:    Lugonu [**....]
Gold:   109        SH:  0    Dex: 11    Spells: 2/4 levels left

rFire    + + +     SeeInvis +   a - +1 falchion
rCold    + . .     Gourm    .   (no shield)
rNeg     . . .     Faith    .   k - +0 ring mail
rPois    +         Spirit   .   (helmet unavailable)
rElec    +         Reflect  .   (no cloak)
rCorr    +         Harm     .   (no gloves)
MR       +....                  (no boots)
Stlth    +.........             (no amulet)
Regen    0.2/turn               r - ring of protection from fire
MPRegen  0.1/turn               b - ring of protection from magic

@: lethally poisoned (0 -> -14), resistant
A: permanent stasis, dig shafts and tunnels, four strong arms, antennae 3, fire
resistance 1, frail 1, poison resistance, subdued magic 1
a: Dig, Shaft Self, Depart the Abyss, Bend Space, Renounce Religion


You were on level 3 of the Dungeon.
You worshipped Lugonu.
Lugonu was pleased with you.
You were not hungry.

You visited 1 branch of the dungeon, and saw 4 of its levels.
You visited the Abyss 1 time.

You collected 109 gold pieces.

Inventory:

Hand Weapons
 a - a +1 falchion (weapon)
Armour
 k - a +0 ring mail (worn)
Jewellery
 b - a ring of protection from magic (right hand)
 r - a ring of protection from fire (left hand)
Scrolls
 e - a scroll of teleportation {unknown}
 g - a scroll of random uselessness {unknown}
 m - 4 scrolls of remove curse {unknown}
 n - a scroll of enchant weapon {unknown}
 o - a scroll of enchant armour {unknown}
 p - 2 scrolls of identify {unknown}
 q - a scroll of magic mapping {unknown}
Potions
 j - a potion of mutation
Comestibles
 c - 2 bread rations
 f - 2 meat rations


   Skills:
 + Level 3.2 Fighting
 * Level 5.0 Long Blades
 + Level 2.2 Armour
 + Level 1.2 Dodging
 + Level 2.2 Invocations


You had 2 spell levels left.
You knew the following spells:

 Your Spells              Type           Power        Failure   Level  Hunger
a - Apportation           Tloc           #.....       50%         1    ##.....
b - Summon Small Mammal   Summ           #...         50%         1    ##.....


Dungeon Overview and Level Annotations

Branches:
Dungeon (4/15)
 Temple: D:4-7

Altars:
Elyvilon
Fedhas
Nemelex Xobeh
Qazlal
Yredelemnul

Annotations:
D:3 buskinjo's ghost, amateur OpFi


Innate Abilities, Weirdness & Mutations

You cannot be hasted, slowed, berserked, paralysed or teleported.
You can dig through walls and to a lower floor.
Your four strong arms can wield two-handed weapons with a shield.
You have a pair of large antennae on your head. (SInv)
Your flesh is heat resistant. (rF+)
You are frail. (-10% HP)
Your system is resistant to poisons. (rPois)
Your spells are a little easier to cast, but a little less powerful.


Message History

The scorpion poisons you!
You feel sick.
You feel protected.
You feel sick. The scorpion stings you.
* * * LOW HITPOINT WARNING * * *
You are lethally poisoned!
The scorpion poisons you!
* * * LOW HITPOINT WARNING * * *
You feel sick.
* * * LOW HITPOINT WARNING * * *
You feel sick.
* * * LOW HITPOINT WARNING * * *
You feel sick.
* * * LOW HITPOINT WARNING * * *
You feel sick.
* * * LOW HITPOINT WARNING * * *
You feel sick.
* * * LOW HITPOINT WARNING * * *
You feel sick.
You die...

########w#.....#....
#...
#....##.{/.._.......
##.#
#....##..#.....#####
...#
##........#§...§#.#
###..
#.........###.###.#
#..
#.........g.......#
####.
#....######s......#..
..... #....#
#............. ####..
#....###...@..##.....
......
#.....##......# .....
......
###...##......##.....
......
#...##......#......
......
#...##.............
######
#...######.........
#...##...#.......>.
###
#...##...#.........
#..
#...##...#...#####.
#..


You could see a scorpion and a goblin.

Vanquished Creatures
  A worker ant (D:4)
  5 adders (D:2)
  3 worms
  2 dart slugs (D:2)
  3 leopard geckos
  4 giant cockroaches
  7 goblins
  6 hobgoblins
  3 quokkas
  7 bats
  2 frilled lizards
  4 kobolds
  A quokka skeleton (D:4)
  5 rats
53 creatures vanquished.

Notes
Turn   | Place    | Note
-------+----------+-------------------------------------------
     0 | Abyss:1  | Monsterracer the Formicid Abyssal Knight began the quest for the Orb.
     0 | Abyss:1  | Reached XP level 1. HP: 18/18 MP: 2/2
    32 | D:1      | Escaped the Abyss
   141 | D:1      | Reached XP level 2. HP: 22/24 MP: 3/3
   361 | D:1      | Reached skill level 3 in Long Blades
   536 | D:1      | Gained mutation: You are frail. (-10% HP) [potion of mutation]
   536 | D:1      | Gained mutation: Your spells are a little easier to cast, but a little less powerful. [potion of mutation]
   536 | D:1      | Gained mutation: Your flesh is heat resistant. (rF+) [potion of mutation]
   536 | D:1      | Gained mutation: Your system is resistant to poisons. (rPois) [potion of mutation]
   576 | D:1      | Reached ** piety under Lugonu
   596 | D:2      | Reached XP level 3. HP: 18/26 MP: 4/4
   968 | D:2      | Reached XP level 4. HP: 25/31 MP: 5/5
  1044 | D:2      | Reached skill level 4 in Long Blades
  1394 | D:2      | Learned a level 1 spell: Apportation
  1396 | D:2      | Learned a level 1 spell: Summon Small Mammal
  1987 | D:3      | Found a white marble altar of Elyvilon.
  2020 | D:3      | Reached XP level 5. HP: 36/36 MP: 6/6
  2048 | D:3      | Found a basalt altar of Yredelemnul.
  2049 | D:3      | Found a sparkling altar of Nemelex Xobeh.
  2049 | D:3      | Found a blossoming altar of Fedhas.
  2187 | D:3      | Found a stormy altar of Qazlal.
  2329 | D:3      | Noticed buskinjo's ghost (amateur OpFi)
  3056 | D:4      | Reached skill level 5 in Long Blades
  3056 | D:4      | Reached skill level 1 in Dodging
  3139 | D:4      | Noticed a phantom
  3403 | D:3      | HP: 1/36 [poisoned by a scorpion]
  3404 | D:3      | Succumbed to a scorpion's poison

Skill      XL: |  1  2  3  4  5 |
---------------+----------------+-----
Long Blades    | 3 4 5 |  5.0
Dodging        | 1 |  1.2
Fighting       | |  3.2
Armour         | |  2.2
Invocations    | |  2.2

Action                   |  1- 3 |  4- 6 || total
-------------------------+-------+-------++-------
Melee: Falchion          |    63 |   163 ||   226
  Use: Potion            |     6 |     6 ||    12
  Eat: Chunk             |       |     6 ||     6
       Royal jelly       |       |     1 ||     1
Armor: Leather armour    |    21 |       ||    21
       Ring mail         |    10 |    51 ||    61
Dodge: Dodged            |    55 |    83 ||   138
       Rpst.: Falchion   |    18 |    20 ||    38
